 Dungeon Crawl Stone Soup version bcrawl-1.12-11-gb93c957c58 (webtiles) character file.

Game seed: 14143665676836280199

9398 Chiseanne the Thaumaturge (level 11, -12/86 HPs)
             Began as a Djinni Archaeologist on July 8, 2019.
             Was a Priest of Vehumet.
             Mangled by a rakshasa (illusionary)
             ... wielding a +3 mace of crushing
              (19 damage)
             ... on level 9 of the Dungeon on July 9, 2019.
             The game lasted 00:52:20 (12985 turns).

Chiseanne the Thaumaturge (Djinni Archaeologist)   Turns: 12985, Time: 00:52:21

Health: -12/86     AC: 14    Str: 13    XL:     11   Next: 22%
Magic:  0/3        EV: 16    Int: 21    God:    Vehumet [***...]
Gold:   263        SH:  8    Dex:  9    Spells: 27/32 levels left

rFire    . . .     SeeInvis +   a - +2 dagger (elec)
rCold    . . .     Gourm    .   n - +0 buckler
rNeg     . . .     Faith    .   f - +5 robe of Night {Dark MR+ SInv}
rPois    .         Spirit   .   I - +2 helmet
rElec    .         Reflect  +   i - +1 cloak
rCorr    +         Harm     .   d - +1 pair of gloves
MR       ++...                  (boots unavailable)
Stlth    ++++......             y - +4 amulet of reflection
HPRegen  0.24/turn              G - ring of resist corrosion
MPRegen  0.08/turn              (no ring)

@: flying
A: fixed mp, +cast, floating
a: Renounce Religion


You were on level 9 of the Dungeon.
You worshipped Vehumet.
Vehumet was most pleased with you.
You were not hungry.

You visited 1 branch of the dungeon, and saw 9 of its levels.

You collected 548 gold pieces.
You spent 285 gold pieces at shops.

Inventory:

Hand Weapons
 a - a +2 dagger of electrocution (weapon)
 b - a +1 falchion of distortion
 s - a +0 dagger of venom
 w - a +6 blowgun
 z - a +4 falchion of freezing
 B - a +1 scimitar of flaming
Missiles
 e - 607 sling bullets
 p - 478 bolts
 r - 868 arrows
 D - 37 tomahawks (quivered)
 E - 48 javelins of penetration
 J - 33 curare-tipped needles
Armour
 d - a +1 pair of gloves (worn)
 f - the +5 robe of Night (worn) {Dark MR+ SInv}

   It affects your resistance to hostile enchantments.
   It lets you see invisible.
 i - a +1 cloak (worn)
 n - a +0 buckler (worn)
 x - a +2 robe of fire resistance
 I - a +2 helmet (worn)
Jewellery
 v - the ring of a Million Scars {Fire rPois MR- Str+9 Dex-2}
   (You took it off a centaur warrior on level 9 of the Dungeon)

   [ring of fire]

   It enhances your fire magic.
   It affects your strength (+9).
   It affects your dexterity (-2).
   It protects you from fire.
   It makes you vulnerable to cold.
   It protects you from poison.
   It affects your resistance to hostile enchantments.
 y - a +4 amulet of reflection (around neck)
 G - a ring of resist corrosion (left hand)
 H - an uncursed ring of see invisible
Wands
 C - a wand of flame (16)
Scrolls
 h - a scroll of identify
 l - a scroll of fear
 m - 4 scrolls of amnesia
 o - 3 scrolls of remove curse
 u - a scroll of teleportation
 F - a scroll of summoning
Potions
 j - a potion of mutation
 k - 2 potions of cancellation
 t - 2 potions of lignification
 A - 2 potions of brilliance
Comestibles
 g - 12 rations {!d}


   Skills:
 - Level 8.3 Fighting
 - Level 9.0 Dodging
 - Level 10.2 Stealth
 * Level 2.9 Shields
 * Level 11.0 Spellcasting
 * Level 3.8 Conjurations


You had 27 spell levels left.
You knew the following spells:

 Your Spells              Type           Power        Failure   Level  Hunger
a - Magic Dart            Conj           ####         1%          1    None
b - Shock                 Conj/Air       ###.         1%          1    None
c - Dazzling Spray        Conj/Hex       ###...       2%          3    None

Your spell library contained the following spells:

 Spells                   Type           Power        Failure   Level  Hunger
 Beastly Appendage        Tmut           ##....       6%          1    None
 Sticks to Snakes         Tmut           ##......     10%         2    None
 Spider Form              Tmut/Pois      ##........   19%         3    None
 Ice Form                 Ice/Tmut       ##......     54%         4    #......
 Blade Hands              Tmut           ##........   87%         5    ####...


Dungeon Overview and Level Annotations

Branches:
Dungeon (9/12)             Temple (0/1) D:6            Lair (0/6) D:7
    Orc (0/1) D:8

Altars:
Dithmenos
Hepliaklqana
Ru
Trog
Uskayaw
Vehumet
Yredelemnul

Shops:
D:6 [   D:9 ?


Innate Abilities, Weirdness & Mutations

You cannot gain maximum magic capacity.
You can pull magic from your surroundings.
Your body floats in the air.


Message History

The rakshasa is severely wounded.
The rakshasa hits you with a +3 mace of crushing!
* * * LOW HITPOINT WARNING * * *
x2 You closely miss the rakshasa.
The rakshasa is severely wounded.
The rakshasa hits you but does no damage.
You hit the rakshasa but do no damage.
The rakshasa is severely wounded.
The rakshasa misses you.
You hit the rakshasa but do no damage.
The rakshasa is severely wounded.
Casting: Shock (safe; 1% risk of failure)
Confirm with . or Enter, or press ? or * to list all spells.
Aiming: Magic Dart (safe; 1% risk of failure)
Press: ? - help, Shift-Dir - straight line, f/p - rakshasa
Aim: a rakshasa, wielding a +3 mace of crushing and wearing a +0 robe (severely wounded)
The magic dart hits the rakshasa.
The rakshasa is severely wounded.
The rakshasa hits you with a +3 mace of crushing!!
You die...

##..##.....##...##.....##
#..##...##...#.#.R......#
#.##....##†..#.#..#.#§#..
#.#...........#..###### .
#.#.####......#..#
#.#.............#....
#.#.##...###R.#..#...
#.#..##..R.#..#..####
#.##....@#...###..#
#..##.)###..##.##... #
##..##.....##...##.. ##
##..#######..#..#######.
##...†.....###.........
#########.............
#.########.>#. #.# #..#.
#.# ###..#.


You could see a rakshasa.

Vanquished Creatures
  A two-headed ogre (D:8)
  A centaur warrior (D:9)
  A cyclops (D:9)
  Maurice (D:8)
  A centaur zombie (D:8)
  An efreet (D:9)
  A rime drake (D:7)
  4 hippogriffs
  3 yaks (D:7)
  Grum (D:8)
  A basilisk (D:7)
  A vampire mosquito (D:9)
  A water moccasin (D:6)
  2 porcupines (D:7)
  3 orc warriors
  An ice beast (D:6)
  2 sky beasts
  3 phantoms
  3 ogres
  4 wolves
  3 crocodiles (D:7)
  A centaur (D:7)
  5 bullfrogs
  A gnoll sergeant (D:9)
  A wyvern skeleton (D:9)
  A water moccasin skeleton (D:6)
  3 scorpions
  A killer bee (D:9)
  13 wights
  2 howler monkeys
  An electric eel (D:6)
  4 crimson imps
  4 jellies
  A gnoll shaman (D:7)
  3 orc priests
  5 hounds
  An orc wizard (D:9)
  4 bullfrog skeletons
  4 centaur skeletons
  4 iguanas
  7 worker ants
  Ijyb (D:3)
  A hound zombie (D:8)
  A hound skeleton (D:9)
  6 gnolls (D:7)
  A howler monkey skeleton (D:4)
  9 adders
  An ooze (D:2)
  An adder skeleton (D:9)
  6 worms
  2 dart slugs (D:1)
  5 leopard geckos
  31 orcs
  2 ball pythons
  5 bats
  2 giant cockroaches
  7 goblins
  11 hobgoblins
  2 jackals (D:2)
  19 kobolds
  4 quokkas
  3 frilled lizards
  A quokka skeleton (D:4)
  11 rats
237 creatures vanquished.

Vanquished Creatures (collateral kills)
  A hound (D:5)
  An orc priest (D:6)
  An iguana (D:6)
  3 orcs
6 creatures vanquished.

Vanquished Creatures (others)
  A bullfrog skeleton (D:5)
  An iguana (D:5)
  A worker ant simulacrum (D:9)
  2 fungi (D:7)
  11 plants (D:7)
16 creatures vanquished.

Grand Total: 259 creatures vanquished

Notes
Turn   | Place    | Note
-------+----------+-------------------------------------------
     0 | D:1      | Chiseanne the Djinni Archaeologist began the quest for the
                  | Orb.
     0 | D:1      | Reached XP level 1. HP: 15/15 MP: 3/3
   341 | D:1      | Reached XP level 2. HP: 18/21 MP: 3/3
   794 | D:1      | Reached XP level 3. HP: 27/27 MP: 3/3
  1214 | D:2      | Reached XP level 4. HP: 26/33 MP: 3/3
  1829 | D:2      | Reached skill level 5 in Stealth
  2104 | D:3      | Reached XP level 5. HP: 27/38 MP: 3/3
  2286 | D:3      | Noticed a sky beast
  2896 | D:3      | Killed a sky beast
  2896 | D:3      | Reached XP level 6. HP: 32/44 MP: 3/3
  3100 | D:3      | Found a radiant altar of Vehumet.
  3100 | D:3      | Found a basalt altar of Yredelemnul.
  3105 | D:3      | Became a worshipper of Vehumet
  3127 | D:3      | Noticed Ijyb
  3141 | D:3      | Killed Ijyb
  3502 | D:3      | Found a faded altar of an unknown god.
  4012 | D:4      | Reached skill level 1 in Spellcasting
  4125 | D:4      | Found a bloodstained altar of Trog.
  4775 | D:5      | Entered Level 5 of the Dungeon
  4776 | D:5      | Noticed a sky beast
  5062 | D:5      | Killed a sky beast
  5072 | D:5      | Reached XP level 7. HP: 37/52 MP: 3/3
  5077 | D:5      | flt: what did you get from the box?
  5077 | D:5      | Chiseanne: the robe
  5077 | D:5      | Chiseanne: +5 robe of the night
  5083 | D:5      | flt: nice
  5083 | D:5      | flt: so playing a stabber now?
  5083 | D:5      | Chiseanne: yah I like..now ow to get rid off the gore
  5083 | D:5      | Chiseanne: sure..but will go caster later on for
                  | sure..already worshipping Vehumet
  5092 | D:5      | Reached skill level 2 in Spellcasting
  5175 | D:5      | flt: gotta run, good luck with the game
  5177 | D:5      | Chiseanne: ty :)
  5449 | D:5      | Reached skill level 5 in Dodging
  5449 | D:5      | Reached skill level 3 in Spellcasting
  5466 | D:5      | Reached XP level 8. HP: 43/60 MP: 3/3
  6201 | D:6      | Noticed a hippogriff
  6205 | D:6      | Killed a hippogriff
  6205 | D:6      | Reached skill level 5 in Fighting
  6205 | D:6      | Reached skill level 4 in Spellcasting
  6271 | D:6      | Noticed a hippogriff
  6306 | D:6      | Reached * piety under Vehumet
  6306 | D:6      | Offered knowledge of Magic Dart by Vehumet.
  6317 | D:6      | Killed a hippogriff
  6554 | D:6      | Learned a level 1 spell: Magic Dart
  6757 | D:6      | Reached skill level 5 in Spellcasting
  6937 | D:6      | Reached XP level 9. HP: 54/69 MP: 2/3
  7177 | D:6      | Found a staircase to the Ecumenical Temple.
  7303 | D:6      | Found Anoufesi's Antique Armour Emporium.
  7695 | D:7      | Offered knowledge of Shock by Vehumet.
  7700 | D:7      | Reached skill level 6 in Spellcasting
  7710 | D:7      | Learned a level 1 spell: Shock
  7742 | D:7      | Reached ** piety under Vehumet
  7808 | D:7      | Found a staircase to the Lair.
  8097 | D:7      | Noticed a rime drake
  8097 | D:7      | a yak changed into a rime drake
  8107 | D:7      | Killed a rime drake
  8111 | D:7      | Reached skill level 7 in Spellcasting
  8267 | D:7      | Reached skill level 8 in Spellcasting
  8512 | D:7      | Reached XP level 10. HP: 11/79 MP: 3/3
  9256 | D:8      | Noticed a two-headed ogre
  9386 | D:8      | Killed a two-headed ogre
  9434 | D:8      | Found a staircase to the Orcish Mines.
  9716 | D:8      | Noticed Grum
  9720 | D:8      | Reached skill level 9 in Spellcasting
 10160 | D:8      | Offered knowledge of Stone Arrow by Vehumet.
 10173 | D:8      | Noticed Maurice
 10211 | D:8      | Reached skill level 10 in Stealth
 10230 | D:8      | Killed Maurice
 10239 | D:8      | Killed Grum
 10276 | D:8      | HP: 1/80 [wolf[Grum] (8)]
 10672 | D:8      | Found a sacrificial altar of Ru.
 10673 | D:8      | Found a hide-covered altar of Uskayaw.
 10673 | D:8      | Found a bloodstained altar of Trog.
 10688 | D:8      | Found a hazy altar of Hepliaklqana.
 10737 | D:8      | Reached *** piety under Vehumet
 10777 | D:8      | Reached skill level 10 in Spellcasting
 11078 | D:9      | Found a shadowy altar of Dithmenos.
 11351 | D:9      | Offered knowledge of Dazzling Spray by Vehumet.
 11399 | D:9      | Identified the ring of a Million Scars {Fire rPois MR-
                  | Str+9 Dex-2}
 11399 | D:9      | Noticed a centaur warrior
 11412 | D:9      | Reached skill level 1 in Conjurations
 11427 | D:9      | Killed a centaur warrior
 11427 | D:9      | Reached skill level 1 in Shields
 11427 | D:9      | Reached XP level 11. HP: 21/86 MP: 3/3
 11470 | D:9      | Noticed a rakshasa
 12168 | D:9      | Learned a level 3 spell: Dazzling Spray
 12182 | D:9      | Found Zoille's Magic Scroll Shop.
 12237 | D:9      | Bought a scroll of identify for 26 gold pieces
 12237 | D:9      | Bought a scroll of blinking for 97 gold pieces
 12237 | D:9      | Bought a scroll of teleportation for 39 gold pieces
 12237 | D:9      | Bought a scroll of summoning for 123 gold pieces
 12376 | D:9      | Noticed a six-headed hydra
 12398 | D:9      | HP: 2/86 [efreet/bolt of fire (23)]
 12810 | D:9      | Noticed a cyclops
 12820 | D:9      | Killed a cyclops
 12900 | D:9      | Reached skill level 11 in Spellcasting
 12985 | D:9      | Mangled by a rakshasa (illusionary)

Skill      XL: |  1  2  3  4  5  6  7  8  9 10 11 |
---------------+----------------------------------+-----
Fighting       | 2 3 4 5 7 8 |  8.3
Stealth        | 4 5 7 8 9 10 | 10.2
Dodging        | 4 5 6 7 9 |  9.0
Spellcasting   | 1 3 5 8 10 11 | 11.0
Conjurations   | 2 3 |  3.8
Shields        | 1 2 |  2.9

Action                   |  1- 3 |  4- 6 |  7- 9 | 10-12 || total
-------------------------+-------+-------+-------+-------++-------
Melee: Unarmed           |    48 |       |       |       ||    48
       Hand axe          |    57 |       |       |       ||    57
       Dagger            |    58 |   233 |   335 |   393 ||  1019
       Trident           |       |    22 |       |       ||    22
       Falchion          |       |       |       |     5 ||     5
 Fire: Blowgun           |       |       |       |     4 ||     4
Throw: Stone             |       |       |     2 |       ||     2
 Cast: Magic Dart        |       |       |    10 |    25 ||    35
       Shock             |       |       |    16 |    22 ||    38
       Dazzling Spray    |       |       |       |     3 ||     3
Evoke: Wand              |       |     2 |    30 |    14 ||    46
  Use: Scroll            |     3 |    10 |     8 |     8 ||    29
       Potion            |       |       |     3 |    11 ||    14
 Stab: Sleeping          |       |    10 |    16 |     8 ||    34
       Distracted        |       |       |     1 |     1 ||     2
       Paralysed         |       |       |       |     3 ||     3
  Eat: Chunk             |     1 |    12 |     8 |    15 ||    36
       Ration            |       |       |     1 |       ||     1
Armor: Ring mail         |    87 |    58 |       |       ||   145
       Robe              |       |    35 |   110 |   137 ||   282
Dodge: Dodged            |   110 |   134 |   242 |   285 ||   771
Block: Buckler           |       |       |       |    30 ||    30
       Reflection        |       |       |       |     1 ||     1
